 Dungeon Crawl Stone Soup version 0.30-a0-723-gc1506a1cf0 (webtiles) character file.

Game seed: 3589939489957109341

1778 timneilson the Shield-Bearer (level 9, 0/54 HPs)
             Began as a Gargoyle Fighter on Jan 28, 2023.
             Slain by an orc warrior
             ... wielding a +0 glaive
              (16 damage)
             ... on level 6 of the Dungeon.
             The game lasted 00:10:40 (5526 turns).

timneilson the Shield-Bearer (Gargoyle Fighter)     Turns: 5526, Time: 00:10:41

Health: 0/54       AC: 19    Str: 30    XL:     9   Next: 8%
Magic:  9/9        EV:  9    Int:  9    God:
Gold:   120        SH:  5    Dex:  9    Spells: 8/8 levels left

rFire   . . .      SeeInvis .    a - +1 long sword
rCold   + . .      Faith    .    c - +0 buckler
rNeg    + . .      Spirit   .    b - +1 chain mail of Tuwiemoa {rC+}
rPois   ∞          Reflect  .    (no helmet)
rElec   +          Harm     .    (no cloak)
rCorr   .          Rampage  .    u - +0 pair of gloves
Will    .....                    (no boots) Stlth
                                 (no amulet)
HPRegen 0.29/turn                d - +6 ring of strength
MPRegen 0.11/turn                (no ring)

@: no status effects
A: sickness immunity, AC +6, negative energy resistance 1, electricity
resistance, torment resistance 1, petrification resistance
a: no special abilities


You were on level 6 of the Dungeon.
You visited 1 branch of the dungeon, and saw 6 of its levels.
You also visited: Ossuary.

You collected 367 gold pieces.
You spent 247 gold pieces at shops.

Inventory:

Hand Weapons
 a - a +1 long sword (weapon)
Armour
 b - the +1 chain mail of Tuwiemoa (worn) {rC+}
   (You bought it in a shop on level 5 of the Dungeon)

   rC:        It protects you from cold.
 c - a +0 buckler (worn)
 j - a +1 pair of gloves
 u - a +0 pair of gloves (worn)
Jewellery
 d - a +6 ring of strength (left hand)
Wands
 f - a wand of digging (9)
 o - a wand of flame (8)
 q - a wand of polymorph (6)
Scrolls
 i - a scroll of enchant weapon
 p - a scroll of poison
 t - a scroll of fear {unknown}
 w - a scroll of magic mapping
Potions
 e - a potion of magic
 g - 2 potions of attraction
 h - 3 potions of curing
 k - a potion of mutation {unknown}
 l - a potion of heal wounds {unknown}
 m - a potion of haste {unknown}
 n - a potion of resistance {unknown}
 r - 4 potions of brilliance
 s - a potion of might
 x - 3 potions of lignification {unknown}


   Skills:
 + Level 5.4 Fighting
 * Level 5.3 Long Blades
 * Level 6.9 Armour
 + Level 2.9 Dodging
 * Level 6.9 Shields
 + Level 1.9 Evocations


You had 8 spell levels left.
You didn't know any spells.
Your spell library contained the following spells:

 Spells                   Type           Power      Damage    Failure   Level
 Ozocubu's Armour         Ice            0%         N/A       100%        3
 Portal Projectile        Hex/Tloc       0%         N/A       100%        3
 Tukima's Dance           Hex            0%         N/A       100%        3
 Passage of Golubria      Tloc           0%         N/A       100%        4
 Blade Hands              Tmut           0%         N/A       100%        5
 Metabolic Englaciation   Hex/Ice        0%         N/A       100%        5
 Yara's Violent Unravell  Hex/Tmut       0%         3d3       100%        5
 Simulacrum               Ice/Necr       0%         N/A       100%        6


Dungeon Overview and Level Annotations

Branches:
Dungeon (6/15)            Ossuary (visited)
 Temple: D:4-7

Altars:
Elyvilon
Kikubaaqudgha
Xom
The Shining One

Shops:
D:5 :[

Annotations:
D:6 Maggie


Innate Abilities, Weirdness & Mutations

You are immune to sickness and miasma.
Your stone body is resilient. (AC +6)
You are immune to poison.
You resist negative energy. (rN+)
You are resistant to electric shocks. (rElec)
You are resistant to unholy torment.
You are immune to petrification.


Message History

You finish taking off your +1 pair of gloves.
You start putting on your armour.
You continue putting on your +0 pair of gloves.
You hear a shout!
You continue putting on your +0 pair of gloves.
The orc warrior barely misses you.
You continue putting on your +0 pair of gloves.
The orc warrior hits you from afar with a +0 glaive.
Keep equipping yourself? [Y]es or [N]o only, please.
Keep equipping yourself?
You continue putting on your +0 pair of gloves.
The orc warrior hits you but does no damage.
You continue putting on your +0 pair of gloves.
The orc warrior hits you from afar with a +0 glaive!
You finish putting on your +0 pair of gloves.
Unknown command.
The orc warrior hits you but does no damage.
You barely miss the orc warrior. The orc warrior barely misses you.
You barely miss the orc warrior.
A white imp comes into view.
The orc warrior hits you with a +0 glaive!
You barely miss the orc warrior.
The orc warrior hits you with a +0 glaive.
You barely miss the orc warrior.
The orc warrior hits you but does no damage.
You hit the orc warrior but do no damage.
The orc warrior hits you with a +0 glaive!
* * * LOW HITPOINT WARNING * * *
The white imp laughs crazily.
You closely miss the orc warrior.
The orc warrior hits you with a +0 glaive.
* * * LOW HITPOINT WARNING * * *
The orc warrior hits you with a +0 glaive.
* * * LOW HITPOINT WARNING * * *
The white imp gestures at you.
The puff of frost hits you but does no damage.
You feel better. The white imp barely misses you.
The orc warrior hits you with a +0 glaive!
You die... ..#### ... .....# . ./.... ♣..♣♣ ♣. ..# . ._. $ ♣...♣♣. ..# o o..o ♣..P...##.# @#..F# ♣..♣.♣...# .F.♣g♣ ♣...♣...# ♣goP.

♣.P5.♣♣.#######
.P.♣
♣.P@♣♣♣.......#
♣c♣♣♣ ♣♣♣♣
♣♣♣o♣
#######.##
..♣P♣..PP♣ ♣..
#..# ♣♣..P.P.♣
.### ##.#
♣.♣.#.#... #
#####.### o...#
#.))..<.# ....#
#.###.#.#
......#
#.###.#.#
....#.# #.#
#.##..#.#


You could see an orc warrior and a white imp.

Vanquished Creatures
  Pikel (D:4)
  A sky beast (D:6)
  2 ogres
  2 lemures (D:4)
  A centaur (D:5)
  A phantom (D:5)
  An elf zombie (Ossuary)
  3 bullfrogs
  A scorpion (D:5)
  2 vampire bats (D:4)
  A centaur zombie (Ossuary)
  2 hounds
  2 human zombies (Ossuary)
  An orc wizard (D:5)
  2 hound zombies (Ossuary)
  3 mummies (Ossuary)
  9 adders
  2 river rats (D:5)
  A white imp (D:5)
  An ufetubus (D:5)
  3 adder zombies (Ossuary)
  4 dart slugs
  13 orcs
  4 ball pythons
  4 bats
  3 bat skeletons (D:4)
  A bat zombie (D:4)
  4 endoplasms
  6 giant cockroaches
  11 goblins
  11 hobgoblins
  3 jackals (D:1)
  8 kobolds
  5 quokkas
  A frilled lizard (D:3)
  3 gnoll zombies (Ossuary)
  6 goblin zombies (Ossuary)
  3 hobgoblin zombies (Ossuary)
  5 jackal zombies (Ossuary)
  2 kobold zombies (Ossuary)
  2 quokka zombies (Ossuary)
  9 rats
  4 rat zombies (Ossuary)
154 creatures vanquished.

Vanquished Creatures (others)
  68 plants (D:6)
68 creatures vanquished.

Grand Total: 222 creatures vanquished

Notes
Turn   | Place    | Note
-------+----------+-------------------------------------------
     0 | D:1      | timneilson the Gargoyle Fighter began the quest for the
                  | Orb.
     0 | D:1      | Reached XP level 1. HP: 14/14 MP: 1/1
    82 | D:1      | Reached XP level 2. HP: 19/19 MP: 2/2
   431 | D:1      | Reached XP level 3. HP: 23/23 MP: 3/3
   965 | D:2      | Reached XP level 4. HP: 25/28 MP: 4/4
  1244 | D:2      | Found a shimmering altar of Xom.
  1387 | D:3      | Found a faded altar of an unknown god.
  2350 | D:4      | Noticed an ogre
  2357 | D:4      | Killed an ogre
  2358 | D:4      | Reached skill level 1 in Dodging
  2358 | D:4      | Reached XP level 5. HP: 33/33 MP: 5/5
  2539 | D:4      | Found a glowing golden altar of the Shining One.
  2569 | D:4      | Noticed a lemure
  2570 | D:4      | Noticed a lemure
  2603 | D:4      | Killed a lemure
  2619 | D:4      | Killed a lemure
  2829 | D:4      | Noticed Pikel
  2843 | D:4      | Noticed a lemure
  2844 | D:4      | Killed Pikel
  2845 | D:4      | Reached skill level 5 in Armour
  2845 | D:4      | Reached skill level 5 in Shields
  2845 | D:4      | Reached XP level 6. HP: 18/39 MP: 6/6
  2845 | D:4      | Reached XP level 7. HP: 20/44 MP: 7/7
  3166 | D:4      | Found an ancient bone altar of Kikubaaqudgha.
  3520 | D:5      | Entered Level 5 of the Dungeon
  3534 | D:5      | Found a white marble altar of Elyvilon.
  3655 | D:5      | Found a sand-covered staircase.
  3668 | Ossuary  | Entered an ossuary
  3808 | Ossuary  | Reached XP level 8. HP: 41/48 MP: 8/8
  4189 | D:5      | Reached skill level 1 in Evocations
  4290 | D:5      | Found Qoaskemne's Antique Armour Boutique.
  4298 | D:5      | Bought a transparent chain mail for 247 gold pieces
  4298 | D:5      | Identified the +1 chain mail of Tuwiemoa {rC+} (You bought
                  | it in a shop on level 5 of the Dungeon)
  4320 | D:5      | Reached skill level 5 in Fighting
  4600 | D:5      | Found Kusutien's Book Shop.
  5006 | D:6      | Reached skill level 5 in Long Blades
  5180 | D:6      | Found a glowing golden altar of the Shining One.
  5181 | D:6      | Noticed Maggie
  5381 | D:6      | Found a shimmering altar of Xom.
  5402 | D:6      | Reached XP level 9. HP: 52/54 MP: 9/9
  5526 | D:6      | Slain by an orc warrior

Illustrated notes

Levels and vault maps discovered:
D:1:      lightli_arrival_statuegarden, layout_rooms
D:2:      layout_basic, basic_altar, kennysheep_another_room
D:3:      layout_loops_corners, hellmonk_ecumenical_altar_run_dry
D:4:      layout_basic, mainiacjoe_overflow_cross_hatched,
          kennysheep_vampire_church, nrook_uturn, minmay_goblin_outpost,
          uniq_pikel
D:5:      layout_gridville, elyvilon_altar_1, serial_shops,
          kennysheep_mini_moat, nicolae_shop_trees, nicolae_ossuary_entry_ruins,
          portal_sewer_entry_a
D:6:      wad_woods_stonehenge, layout_loops_cross, xom_teletrap_fun,
          uniq_maggie, uniq_sigmund, uniq_prince_ribbit1

Skill      XL: |  1  2  3  4  5  6  7  8 |
---------------+-------------------------+-----
Long Blades    | 2 3 4 5 |  5.3
Armour         | 4 5 6 |  6.9
Shields        | 4 5 6 |  6.9
Dodging        | 1 2 |  2.9
Fighting       | 4 5 |  5.4
Evocations     | 1 |  1.9

Action                     |  1- 3 |  4- 6 |  7- 9 || total
---------------------------+-------+-------+-------++-------
  Melee: Long sword        |   127 |   197 |   552 ||   876
    Use: Scroll            |     4 |     3 |     6 ||    13
         Potion            |       |     2 |     1 ||     3
 Armour: Scale mail        |    80 |    98 |   228 ||   406
         Chain mail        |       |       |   173 ||   173
  Dodge: Dodged            |    69 |    87 |   282 ||   438
  Block: Buckler           |    30 |    54 |   142 ||   226

Table legend: (Time is in decaauts)
 A = Elapsed time spent in this place.
 B = Non-inter-level travel time spent in this place.
 C = Inter-level travel time spent in this place.
 D = Time resting spent in this place.
 E = Time spent auto-exploring this place.
 F = Levels seen in this place.
 G = Mean time per level.
                   A        B        C        D        E       F      G
               +--------+--------+--------+--------+--------+-----+--------+
         Total |   5755 |   5641 |    114 |    395 |   3163 |   7 |  822.1 |
       Dungeon |   5244 |   5130 |    114 |    395 |   2999 |   6 |  874.0 |
       Ossuary |    510 |    510 |      0 |      0 |    164 |   1 |  510.0 |
               +--------+--------+--------+--------+--------+-----+--------+

Top non-repeatable levels by time:
     D:5: 1344 daAuts
     D:4: 1192 daAuts
     D:3: 1014 daAuts
     D:2: 853 daAuts
     D:1: 581 daAuts
 Ossuary: 510 daAuts
     D:6: 257 daAuts
